 Dungeon Crawl Stone Soup version 0.30.1-9-gdf580d7c3d (webtiles) character file.

Game seed: 14980835932013824754

1129 Ivernyr the Twirler (level 8, -5/42 HPs)
             Began as a Vine Stalker Gladiator on Sept 26, 2023.
             Slain by a gnoll sergeant
             ... wielding a +4 antimagic spear
              (9 damage)
             ... on level 6 of the Dungeon.
             The game lasted 00:10:11 (4859 turns).

Ivernyr the Twirler (Vine Stalker Gladiator)        Turns: 4859, Time: 00:10:12

Health: -5/42      AC:  5    Str: 20    XL:     8   Next: 35%
Magic:  0/9        EV: 14    Int:  8    God:
Gold:   304        SH:  0    Dex: 21    Spells: 7/7 levels left

rFire   + . .        a - +0 quarterstaff
rCold   . . .        (shield currently unavailable)
rNeg    . . .        b - +0 leather armour
rPois   .            c - +0 helmet
rElec   .            (no cloak)
rCorr   .            (no gloves)
SInv    .            k - +0 pair of boots
Will    +....        (no amulet)
Stlth   ++           v - +6 ring of dexterity
HPRegen 1.07/turn    w - ring of protection from fire
MPRegen 0.11/turn

%: guardian spirit
@: no status effects
A: fangs 3, regeneration 1, magic shield, antimagic bite, no potion heal 2
a: no special abilities


You were on level 6 of the Dungeon.
You visited 2 branches of the dungeon, and saw 8 of its levels.

You collected 304 gold pieces.

Inventory:

Hand Weapons
 a - a +0 quarterstaff (weapon)
Missiles
 d - 3 throwing nets (quivered)
 e - a javelin
Armour
 b - a +0 leather armour (worn)
 c - a +0 helmet (worn)
 k - a +0 pair of boots (worn)
Jewellery
 v - a +6 ring of dexterity (left hand)
 w - a ring of protection from fire (right hand)
 E - a ring of willpower
Wands
 z - a wand of flame (17)
Scrolls
 f - 2 scrolls of enchant armour {unknown}
 h - 2 scrolls of amnesia {unknown}
 j - 7 scrolls of identify {unknown}
 l - a scroll of noise {unknown}
 m - 2 scrolls of fog {unknown}
 o - 6 scrolls of teleportation {unknown}
 u - a scroll of summoning {unknown}
 x - a scroll of magic mapping {unknown}
 y - a scroll of poison {unknown}
 A - a scroll of silence {unknown}
 D - a scroll of brand weapon {unknown}
Potions
 g - 2 potions of resistance {unknown}
 i - a potion of ambrosia {unknown}
 n - a potion of haste {unknown}
 p - a potion of brilliance {unknown}
 q - 3 potions of degeneration {unknown}
 r - 2 potions of curing {unknown}
 s - 2 potions of lignification {unknown}
 t - 2 potions of cancellation {unknown}
 B - 2 potions of might {unknown}
 C - a potion of flight {unknown}


   Skills:
 + Level 4.2 Fighting
 * Level 6.2 Staves
 - Level 1.7 Throwing
 + Level 3.3 Armour
 + Level 4.2 Dodging


You had 7 spell levels left.
You didn't know any spells.
Your spell library was empty.

Dungeon Overview and Level Annotations

Branches:
Dungeon (7/15)             Temple (1/1) D:4

Altars:
Ashenzari
Dithmenos
Elyvilon
Gozag
Hepliaklqana
Makhleb
Nemelex Xobeh
Qazlal
Ru
Sif Muna
Trog
Uskayaw
Vehumet
Zin
The Shining One

Shops:
D:1 (


Innate Abilities, Weirdness & Mutations

You have razor-sharp teeth.
Your natural rate of healing is unusually fast.
When hurt, damage is shared between your health and your magic reserves.
Your bite disrupts and absorbs the magic of your enemies.
Potions cannot restore your health.


Message History

The scorpion completely misses you. The gnoll misses you.
The gnoll sergeant hits you from afar with a +4 antimagic spear.
The scorpion misses you. The scorpion attacks as you move away!
The scorpion misses you. x2
The scorpion attacks as you move away!
The scorpion stings you but does no damage.
The scorpion attacks as you move away! The scorpion misses you.
An iguana comes into view.
The scorpion stings you. The scorpion attacks as you move away!
The scorpion stings you. The scorpion attacks as you move away!
The scorpion stings you. The scorpion attacks as you move away!
The scorpion closely misses you. The iguana bites you.
The scorpion barely misses you. The scorpion attacks as you move away!
The scorpion completely misses you. The scorpion attacks as you move away!
The scorpion barely misses you. The iguana attacks as you move away!
The iguana closely misses you. The scorpion barely misses you.
The scorpion attacks as you move away! The scorpion barely misses you.
You hit the iguana but do no damage. The iguana closely misses you.
You hit the iguana.
The iguana is moderately wounded.
The iguana bites you.
The gnoll sergeant hits you but does no damage.
There is a stone staircase leading up here.
You hit the iguana but do no damage.
The iguana is moderately wounded.
The iguana bites you but does no damage.
You sock the iguana!
The iguana is almost dead.
The gnoll sergeant hits you from afar with a +4 antimagic spear!
You feel your power leaking away. The iguana bites you.
You closely miss the iguana. Your bite misses the iguana.
The iguana is almost dead.
The gnoll sergeant hits you from afar with a +4 antimagic spear!
The iguana bites you!
* * * LOW HITPOINT WARNING * * *
The gnoll sergeant hits you from afar with a +4 antimagic spear!
You die...

....#..##.....#####.....##
##..#..).....####.##..###
##......##..####..(#.##
...#######...........#
...#### #...........#
##..#.####........[.###
........#..#.#".......#
...........###........###
..###.##^.##.##.@#......#
.##...##.....#.l###.....###
.##..........##g..........#
..#...........g#.......##.#
................##.##..#..#
#.##............##.#......#
#.###.#....>............###
#.# #####..##........####
#g####.#...###.........#


You could see a gnoll sergeant, an iguana and a gnoll.

Vanquished Creatures
  Eustachio (D:5)
  A sky beast (D:6)
  2 black bears
  A bullfrog (D:6)
  2 scorpions
  2 jellies
  3 hounds
  A sleepcap (D:6)
  2 iguanas (D:4)
  An orc wizard (D:4)
  5 gnolls
  10 adders
  A white imp (D:5)
  An ufetubus (D:5)
  2 worms
  2 dart slugs
  13 orcs
  10 endoplasms
  7 giant cockroaches
  13 goblins
  7 hobgoblins
  7 jackals (D:1)
  5 kobolds
  2 quokkas
  8 ball pythons
  4 bats
  3 frilled lizards
  4 rats
  A spectral orc (D:5)
121 creatures vanquished.

Notes
Turn   | Place    | Note
-------+----------+-------------------------------------------
     0 | D:1      | Ivernyr the Vine Stalker Gladiator began the quest for the
                  | Orb.
     0 | D:1      | Reached XP level 1. HP: 11/11 MP: 2/2
   118 | D:1      | Reached XP level 2. HP: 13/15 MP: 3/3
   203 | D:1      | Reached skill level 3 in Staves
   320 | D:1      | Reached XP level 3. HP: 13/18 MP: 2/4
   646 | D:1      | Found Tiezxoca's Weapon Shop.
  1155 | D:2      | Reached skill level 1 in Armour
  1188 | D:2      | Gained mutation: Your natural rate of healing is unusually
                  | fast. [Vine Stalker growth]
  1188 | D:2      | Reached XP level 4. HP: 23/23 MP: 5/5
  1860 | D:3      | Found a white marble altar of Elyvilon.
  1862 | D:3      | Found a glowing silver altar of Zin.
  1949 | D:3      | Found a faded altar of an unknown god.
  2413 | D:3      | Found a glowing golden altar of the Shining One.
  2479 | D:4      | Noticed a black bear
  2480 | D:4      | Found a staircase to the Ecumenical Temple.
  2480 | D:4      | Noticed a scorpion
  2494 | D:3      | Killed a scorpion
  2495 | D:3      | Reached skill level 4 in Staves
  2495 | D:3      | Reached XP level 5. HP: 17/27 MP: 6/6
  2499 | D:3      | Killed a black bear
  2500 | D:3      | Reached XP level 6. HP: 5/32 MP: 3/7
  2558 | Temple   | Entered the Ecumenical Temple
  2933 | D:4      | Noticed a black bear
  2943 | D:4      | Killed a black bear
  2982 | D:4      | Reached XP level 7. HP: 34/36 MP: 5/8
  2995 | D:4      | Reached skill level 5 in Staves
  3185 | D:4      | Identified the +1 buckler of the Enchanted Forest {Drain
                  | Int+5}
  3702 | D:5      | Entered Level 5 of the Dungeon
  3785 | D:5      | Noticed Eustachio
  3792 | D:5      | Killed Eustachio
  3914 | D:5      | Gained mutation: You have razor-sharp teeth. [Vine Stalker
                  | growth]
  3914 | D:5      | Reached XP level 8. HP: 36/42 MP: 6/9
  4051 | D:5      | Found a hazy altar of Hepliaklqana.
  4739 | D:6      | Reached skill level 6 in Staves
  4859 | D:6      | Slain by a gnoll sergeant

Illustrated notes

Levels and vault maps discovered:
D:1:      reono_arrival_mine, layout_loops_cross, serial_shops,
          nicolae_shop_bloodbath_and_beyond, palyth_stone_intersect,
          chequers_serial_rivers_room_a
D:2:      layout_basic, minmay_misc_feat_tower, minmay_fractal_squares_gapless_5
D:3:      layout_basic, dreamdust_divine_triumvirate, basic_ecumenical_altar
D:4:      layout_basic, minmay_temple_entry_sparse_star,
          hangedman_minor_gate_pass
D:5:      layout_loops_ring, nicolae_hepliaklqana_monster_ancestors,
          uniq_eustachio
D:6:      layout_cave_pools, kennysheep_generic_room_15
D:7:      layout_loops_corners, grunt_ministairs_12, serial_bayou_crossing
Temple:   minmay_temple_curvy_loop

Skill      XL: |  1  2  3  4  5  6  7  8 |
---------------+-------------------------+-----
Fighting       | 2 3 4 |  4.2
Staves         | 3 4 5 6 |  6.2
Armour         | 1 2 3 |  3.3
Dodging        | 3 4 |  4.2
Throwing       | |  1.7

Action                     |  1- 3 |  4- 6 |  7- 9 || total
---------------------------+-------+-------+-------++-------
  Melee: Quarterstaff      |    75 |   113 |   129 ||   317
         Bite              |    12 |    17 |    36 ||    65
   Stab: Sleeping          |     4 |     2 |     3 ||     9
         Distracted        |       |       |     1 ||     1
 Armour: Leather armour    |    23 |    35 |    22 ||    80
  Dodge: Dodged            |    38 |    56 |   102 ||   196
